 Dungeon Crawl Stone Soup version bcrawl-1.19-7-g22fd707d3b (webtiles) character file.

Game seed: 1500363902528623455

136908 MisterOstroum the Fighter (level 16, -17/198 HPs)
             Began as a Troll Transmuter on Nov 15, 2019.
             Was a Believer of Cheibriados.
             Demolished by a merfolk impaler
             ... wielding a +2 trident of venom
              (23 damage)
             ... on level 3 of the Shoals on Nov 18, 2019.
             The game lasted 02:12:50 (30686 turns).

MisterOstroum the Fighter (Troll Transmuter)       Turns: 30686, Time: 02:12:51

Health: -17/198    AC:  8    Str: 37    XL:     16   Next: 67%
Magic:  0/16       EV: 21    Int: 20    God:    Cheibriados [**....]
Gold:   843        SH:  0    Dex: 20    Spells: 3/29 levels left

rFire    . . .     SeeInvis .     - Unarmed
rCold    + + +     Gourm    +   (shield currently unavailable)
rNeg     . . .     Faith    .   (armour unavailable)
rPois    +         Spirit   +   (helmet currently unavailable)
rElec    +         Reflect  .   (cloak currently unavailable)
rCorr    .         Harm     .   (gloves unavailable)
MR       +++..                  (boots unavailable)
Stlth    ++........             B - amulet "Xiguot" {Spirit rPois rF+}
HPRegen  1.23/turn              y - +6 ring of evasion
MPRegen  0.15/turn              d - ring of the Rose {+Blink rElec MP-9 Str+6 Dex+4}

@: ice-form, very slow
A: large, almost no armour, unfitting armour, clever 1, fast metabolism 3,
gourmand, regeneration 2, AC +11
a: End Transformation, Bend Time, Renounce Religion, Evoke Blink


You were on level 3 of the Shoals.
You worshipped Cheibriados.
Cheibriados was pleased with you.
You were completely stuffed.
You were a creature of crystalline ice.
You visited 6 branches of the dungeon, and saw 26 of its levels.
You also visited: Sewer and Volcano.

You collected 2715 gold pieces.
You spent 1872 gold pieces at shops.

Inventory:

Missiles
 a - 3491 arrows
 x - 591 tomahawks (quivered)
 J - 3 throwing nets {!f!f}
 P - 44 javelins
 X - 98 tomahawks of dispersal
Armour
 C - a +2 hat (melded)
 D - a +1 cloak (melded)
 H - a +2 shield (melded)
Jewellery
 d - the ring of the Rose (right front paw) {+Blink rElec MP-9 Str+6 Dex+4}
   (You bought it in a shop in the Orcish Mines)

   [ring of strength]

   It affects your strength (+6).
   It affects your dexterity (+4).
   It insulates you from electricity.
   It affects your magic capacity (-9).
   It lets you blink.
 k - an uncursed ring of fire
 p - an uncursed ring of see invisible
 r - a +6 amulet of reflection
 t - an uncursed ring of resist corrosion
 y - a +6 ring of evasion (left front paw)
 B - the amulet "Xiguot" (around neck) {Spirit rPois rF+}
   (You found it on level 2 of the Shoals)

   [amulet of guardian spirit]

   It causes incoming damage to be split between your health and magic.
   It protects you from fire.
   It protects you from poison.
 O - an uncursed ring of wizardry
 R - an uncursed ring of protection from cold
Wands
 n - a wand of acid (11)
 A - a wand of disintegration (18)
 E - a wand of scattershot (3)
 G - a wand of polymorph (31)
 I - a wand of clouds (1)
 K - a wand of random effects (12)
 N - a wand of iceblast (10)
 Q - a wand of paralysis (7)
 W - a wand of flame (29)
Scrolls
 b - 6 scrolls of remove curse {@r2}
 f - 4 scrolls of magic mapping {@r5 !r}
 h - 4 scrolls of teleportation {@r3 !r}
 i - 5 scrolls of identify {@r1}
 m - 3 scrolls of acquirement
 o - 7 scrolls of amnesia
 w - 4 scrolls of immolation
 z - 3 scrolls of fear {!r}
 F - 6 scrolls of fog {!r}
 Y - a scroll of silence
Potions
 c - 5 potions of lignification {@q6}
 g - a potion of heal wounds {@q2 !q}
 l - 3 potions of brilliance
 q - 6 potions of curing {@q1 !q}
 s - 5 potions of flight
 L - 4 potions of resistance
 M - 2 potions of magic
 S - a potion of agility {@q5 !q}
 T - a potion of might {@q3 !q}
 V - 2 potions of cancellation
 Z - a potion of ambrosia {unknown}
Miscellaneous
 U - a box of beasts
Comestibles
 e - 50 rations {!d}
 j - 11 chunks of flesh


   Skills:
 - Level 12.2 Fighting
 - Level 7.0 Dodging
 - Level 9.0 Shields
 - Level 10.0 Unarmed Combat
 - Level 7.0 Spellcasting
 - Level 6.2 Hexes
 - Level 4.1 Charms
 + Level 7.3 Transmutations
 - Level 6.0 Ice Magic
 * Level 12.2 Earth Magic
 - Level 0.1 Invocations


You had 3 spell levels left.
You knew the following spells:

 Your Spells              Type           Power        Failure   Level  Hunger
a - Sandblast             Erth           ######       1%          1    None
b - Sticks to Snakes      Tmut           #####...     1%          2    None
c - Confuse               Hex            ####....     2%          3    #......
d - Tukima's Dance        Hex            ####....     2%          3    #......
B - Blink                 Tloc           N/A          14%         2    None
F - Ice Form              Ice/Tmut       ####....     6%          4    ###....
H - Regeneration          Chrm/Necr      ###.......   12%         3    #......
P - Statue Form           Tmut/Erth      #####....    26%         6    ######.
S - Song of Slaying       Chrm           ###.....     2%          2    None

Your spell library contained the following spells:

 Spells                   Type           Power        Failure   Level  Hunger
 Beastly Appendage        Tmut           #####.       1%          1    None
 Corona                   Hex            ####...      1%          1    None
 Freeze                   Ice            ####..       1%          1    None
 Infusion                 Chrm           ###.....     1%          1    None
 Slow                     Hex            ####....     1%          1    None
 Ensorcelled Hibernation  Hex/Ice        ####..       1%          2    None
 Leda's Liquefaction      Hex/Erth       #####.....   1%          3    #......
 Ozocubu's Armour         Chrm/Ice       ####....     3%          3    #......
 Spectral Weapon          Hex/Chrm       ####....     3%          3    #......
 Throw Frost              Conj/Ice       ###...       4%          2    None
 Flaming Arrows           Chrm/Fire      ###.....     6%          2    None
 Swiftness                Chrm/Air       ###.....     6%          2    None
 Spider Form              Tmut/Pois      ###          6%          3    #......
 Dazzling Spray           Conj/Hex       ###...       8%          3    #......
 Inner Flame              Hex/Fire       N/A          8%          3    #......
 Animate Skeleton         Necr           N/A          10%         1    None
 Apportation              Tloc           #.....       10%         1    None
 Flame Tongue             Conj/Fire      #....        10%         1    None
 Magic Dart               Conj           #...         10%         1    None
 Pain                     Necr           #.....       10%         1    None
 Shock                    Conj/Air       #....        10%         1    None
 Sting                    Conj/Pois      #...         10%         1    None
 Summon Butterflies       Summ           #.......     10%         1    None
 Summon Small Mammal      Summ           #...         10%         1    None
 Call Imp                 Summ           #.....       14%         2    None
 Poisonous Vapours        Pois/Air       #.....       14%         2    None
 Searing Ray              Conj           #.....       14%         2    None
 Call Canine Familiar     Summ           #.......     28%         3    #......
 Conjure Flame            Conj/Fire      #.......     28%         3    #......
 Mephitic Cloud           Conj/Pois/Air  #.......     28%         3    #......
 Recall                   Summ/Tloc      N/A          28%         3    #......
 Static Discharge         Air            #.......     28%         3    #......
 Vampiric Draining        Necr           #.........   28%         3    #......
 Petrify                  Tmut/Erth      #####...     1%          4    ###....
 Blade Hands              Tmut           #####.....   13%         5    #####..
 Tree Form                Hex/Tmut       N/A          16%         5    #####..
 Metabolic Englaciation   Hex/Ice        ####......   22%         5    #####..
 Summon Ice Beast         Ice/Summ       ###.....     26%         4    ###....
 Throw Icicle             Conj/Ice       ###.....     26%         4    ###....
 Bolt of Magma            Conj/Fire/Erth ###.......   45%         5    #####..
 Irradiate                Conj/Tmut      ###.......   50%         5    #####..
 Airstrike                Air            #.........   67%         4    ###....
 Animate Dead             Necr           N/A          67%         4    ###....
 Sticky Flame             Conj/Fire      #.......     67%         4    ###....
 Invisibility             Hex            ####....     73%         6    ######.
 Iron Shot                Conj/Erth      ####......   75%         6    ######.
 Infestation              Hex/Tmut/Pois  ####.....    92%         6    ######.
 Bolt of Draining         Conj/Necr      #.........   95%         5    #####..
 Fireball                 Conj/Fire      #.........   95%         5    #####..
 Lightning Bolt           Conj/Air       #.........   95%         5    #####..
 Summon Demon             Summ           #.........   95%         5    #####..
 Summon Forest            Summ/Tloc      #.........   95%         5    #####..
 Summon Lightning Spire   Summ/Air       #.......     95%         5    #####..
 Dragon Form              Tmut           #####..      98%         7    #######
 Deflect Missiles         Chrm/Air       ###.......   99%         6    ######.
 Simulacrum               Ice/Necr       ###.......   99%         6    ######.
 Steam Barrier            Chrm/Fire      ###.......   99%         6    ######.
 Bolt of Fire             Conj/Fire      #.........   100%        6    ######.
 Mana Rupture             Conj/Hex       ###.......   100%        7    #######
 Monstrous Menagerie      Summ           #.........   100%        7    #######
 Spellforged Servitor     Conj/Summ      #.........   100%        7    #######
 Ignition                 Fire           #.........   100%        8    #######
 Lehudib's Crystal Spear  Conj/Erth      ####......   100%        8    #######
 Necromutation            Tmut/Necr      ###.....     100%        8    #######
 Dragon's Call            Summ           #.........   100%        9    #######
 Shatter                  Erth           ######....   100%        9    #######
 Tornado                  Air            #.........   100%        9    #######


Dungeon Overview and Level Annotations

Branches:
Dungeon (12/12)            Temple (0/1) D:7            Lair (6/6) D:9
 Shoals (3/3) Lair:2       Spider (3/3) Lair:2        Slime (0/5) Lair:6
    Orc (1/1) D:11            Elf (1/3) Orc          Vaults (0/3) D:12
 Depths (0/5) D:12

Altars:
Cheibriados
Kikubaaqudgha
Makhleb
Okawaru
Qazlal
Sif Muna
Trog
Uskayaw
The Shining One
Beogh
Jiyva

Shops:
D:4 :*(   D:6 ?   D:8 [   D:12 [   Orc =:***:!   Shoals:1 (

Portals:
Trove: D:12 (give 2 scrolls of acquirement)

Annotations:
Shoals:2 3 runed translucent doors, Meod's ghost, adept MiBe; Meoqees's ghost, adept MiFi


Innate Abilities, Weirdness & Mutations

You cannot wear most types of armour.
((Your thick skin is tough. (AC +11)))
You are too large for most types of armour.
((You have claws for hands.))
((Your flesh is cold resistant. (rC+)))
Your metabolism is lightning-fast.
You like to eat raw meat.
You heal very quickly.
((You are partially covered in iridescent scales. (AC +2)))
Your mind is acute. (Int +2)


Message History

r - a +6 amulet of reflection (around neck) Put on which piece of jewellery? (? for menu, Esc to quit)
Okay, then.
Put on which piece of jewellery? (? for menu, Esc to quit)
You're wearing all the rings you can.
Remove which one? (? for menu, Esc to cancel) < or
y - a +6 ring of evasion > or
d - the ring of the Rose {+Blink rElec MP-9 Str+6 Dex+4}
Okay, then.
Put on which piece of jewellery? (? for menu, Esc to quit)
You remove your +6 amulet of reflection.
You feel your power drawn to a protective spirit.
B - the amulet "Xiguot" (around neck) {Spirit rPois rF+} A satyr comes into view.
It is wielding a +0 club.
The satyr shouts!
You hear a shout!
The satyr plays a frightful melody on his pipes!
The satyr radiates an aura of fear!
You resist with some effort.
A satyr comes into view. It is wielding a +0 quarterstaff.
A merfolk javelineer comes into view. It is wielding a +2 spear of venom.
Something hits the plant.
The merfolk javelineer shouts!
A merfolk, a merfolk impaler and a merfolk javelineer come into view.
The merfolk javelineer is wielding a +0 vampiric spear.
The merfolk impaler is wielding a +2 trident of venom.
The merfolk javelineer shouts!
The satyr shouts!
The merfolk shouts!
A faun comes into view. It is wielding a +0 club.
The merfolk javelineer hits the plant but does no damage.
The merfolk javelineer hits the plant with a +0 vampiric spear.
A merfolk javelineer comes into view. It is wielding a +0 spear.
The satyr plays a frightful melody on his pipes!
The satyr radiates an aura of fear!
You resist with almost no effort.
The merfolk impaler shouts!
A merfolk javelineer comes into view. It is wielding a +0 spear.
The merfolk javelineer shouts!
The merfolk impaler hits the plant with a +2 trident of venom!
A manticore comes into view.
The satyr hits the plant with a +0 quarterstaff!!
The merfolk javelineer hits the plant with a +2 spear of venom.
The plant is poisoned.
The satyr unwields a +0 club.
The satyr wields a +0 fustibalus.
The satyr shoots a sling bullet.
The sling bullet hits you!!
The merfolk javelineer hits the plant with a +2 spear of venom.
The satyr hits the plant but does no damage.
Some of the chunks of flesh in your inventory have rotted away.
Found a barnacled rune of Zot.
The merfolk impaler hits the plant with a +2 trident of venom!!
The merfolk javelineer hits the plant with a +0 vampiric spear.
The satyr hits the plant with a +0 quarterstaff!
The satyr shoots a sling bullet.
The sling bullet hits you!
The merfolk javelineer hits the plant with a +0 spear.
The merfolk javelineer hits the plant with a +0 vampiric spear!
The satyr plays a frightful melody on his pipes!
The satyr radiates an aura of fear!
You resist with almost no effort.
The satyr shoots a sling bullet.
The sling bullet hits you!
The merfolk javelineer hits the plant but does no damage.
Something hits the plant!
The satyr hits the plant with a +0 quarterstaff.
The merfolk javelineer throws a javelin.
The javelin hits you!
The satyr plays a rousing melody on his pipes!
The fauns go into a battle-frenzy!
Something hits the plant!
The plant is destroyed!
The merfolk javelineer throws a javelin.
The javelin barely misses you.
The merfolk javelineer throws a javelin.
The javelin hits you!!
The satyr plays a frightful melody on his pipes!
The satyr radiates an aura of fear!
You easily resist.
The satyr shoots a sling bullet.
The sling bullet hits you!
The merfolk javelineer throws a javelin.
The javelin hits you.
The satyr hits the plant with a +0 quarterstaff!!!
The merfolk javelineer throws a javelin.
The javelin closely misses you.
The satyr shoots a sling bullet.
The sling bullet hits you!
The merfolk javelineer throws a javelin.
The javelin completely misses you.
The merfolk javelineer throws a javelin.
The javelin hits you!
The merfolk javelineer throws a javelin.
The javelin completely misses you.
The merfolk javelineer throws a javelin.
The javelin hits you!!
* * * LOW HITPOINT WARNING * * *
The merfolk javelineer throws a javelin.
The javelin hits you!!
* * * LOW HITPOINT WARNING * * *
The merfolk javelineer throws a javelin.
The javelin hits you!!
* * * LOW HITPOINT WARNING * * *
The merfolk javelineer throws a javelin.
The javelin barely misses you. The merfolk impaler misses you.
The merfolk closely misses you.
The merfolk javelineer throws a javelin.
The javelin hits you!
* * * LOW HITPOINT WARNING * * *
The merfolk javelineer throws a javelin.
The javelin misses you.
The merfolk impaler hits you from afar with a +2 trident of venom!!
You die...

≈≈≈≈≈≈≈≈≈≈≈≈≈≈≈≈≈...).........
≈≈≈≈≈≈≈≈≈...≈≈≈≈..PP...≈≈≈....
≈≈≈≈≈≈≈≈≈.(.≈≈≈...≈P..≈≈≈≈≈.≈≈
≈≈≈≈≈≈≈≈≈..≈≈≈≈..PP≈P≈P≈≈≈≈≈≈≈
≈≈≈≈≈≈≈≈≈≈≈≈≈≈..)..≈≈≈≈≈≈≈≈≈≈≈
.....≈≈≈≈≈≈≈..###P.≈≈≈≈≈≈≈≈≈≈≈
.......mc≈≈≈..# #..P≈P≈≈≈≈≈≈≈
.###...≈≈≈≈m..###.≈≈≈≈≈≈.≈≈≈≈
P..PPPP≈≈≈≈[m.Y..≈≈≈≈≈≈≈≈≈≈≈
#PPm.##P≈≈≈m≈≈≈≈.≈≈≈≈≈≈≈≈≈..≈≈≈≈
#..c..≈≈c≈≈≈m≈≈≈≈≈≈≈÷≈≈≈≈≈....≈≈
..m...≈PP≈≈≈≈≈≈≈≈≈≈≈≈≈≈≈≈≈.#...≈
...φ..≈PP≈≈≈≈≈≈≈≈≈≈≈≈≈≈≈≈...≈...
..≈≈P≈≈≈≈≈≈≈≈≈≈≈≈≈≈≈≈≈.##...
≈#≈≈≈≈≈≈≈≈≈≈≈≈≈≈≈≈≈≈≈.##...
#≈≈≈≈≈≈≈≈≈≈≈≈≈≈≈.≈≈.###...
≈≈≈≈≈≈≈≈≈≈≈≈≈≈.....##<...


You could see a merfolk impaler, 2 merfolk javelineers, 2 satyrs and a merfolk.

Vanquished Creatures
  Nikola (Shoals:1)
  A kraken (Shoals:1)
  2 emperor scorpions
  A deep elf sorcerer (Elf:1)
  A stone giant (Volcano)
  3 entropy weavers
  A dire elephant (D:12)
  A deep elf annihilator (Elf:1)
  A spark wasp (Spider:1)
  8 vault guards
  Harold (D:8)
  A rakshasa (D:10)
  3 centaur warriors (D:12)
  7 hydras
  Erica (D:8)
  2 two-headed ogres
  3 merfolk avatars
  A dancing weapon (Elf:1)
  A tengu warrior (D:8)
  An anaconda (Lair:5)
  A death yak (Lair:4)
  3 deep elf knights (Elf:1)
  Nergalle (D:9)
  15 skeletal warriors
  2 fire crabs (Lair:6)
  5 sea snakes
  An unseen horror (D:12)
  2 cyclopes
  3 orb spiders (Spider:1)
  9 harpies
  9 orc knights
  6 fauns (Shoals:2)
  5 deep elf magi (Elf:1)
  A salamander (D:12)
  10 wolf spiders
  3 ugly things
  A moth of wrath (Spider:1)
  14 manticores
  10 elephants
  4 merfolk sirens
  8 black mambas
  6 cane toads
  2 water nymphs
  6 komodo dragons
  4 rime drakes
  An efreet (Volcano)
  A freezing wraith (D:9)
  4 demonic crawlers
  7 merfolk
  11 polar bears
  9 trolls
  5 jumping spiders
  A hornet (Lair:5)
  A wind drake (Shoals:1)
  17 dream sheep (Lair:6)
  9 blink frogs
  5 raiju (Lair:6)
  4 slime creatures (D:12)
  7 snapping turtles
  17 hippogriffs
  A meliai zombie (D:10)
  4 water elementals
  9 tarantellas
  18 redbacks
  A spriggan (Lair:4)
  A shadow (D:10)
  3 wraiths
  10 basilisks
  9 wyverns
  A fire elemental (Volcano)
  29 yaks
  Grum (D:8)
  A steam dragon (D:12)
  4 hungry ghosts
  3 vampire mosquitoes (D:12)
  13 wargs
  13 hell hounds
  7 water moccasins
  10 porcupines
  A soldier ant (D:9)
  2 ice beasts
  35 orc warriors
  14 black bears
  3 phantoms
  An eye of draining (D:11)
  8 centaurs
  9 ogres
  21 wolves
  12 crocodiles
  5 big kobolds
  12 bullfrogs
  3 earth elementals (Volcano)
  9 scorpions
  A water moccasin skeleton (D:5)
  4 killer bees (D:10)
  5 wights (D:11)
  2 howler monkeys
  8 crimson imps
  3 hounds
  4 orc priests
  4 jellies (D:8)
  6 centaur skeletons
  12 orc wizards
  5 iguanas
  12 worker ants
  A hound skeleton (D:6)
  3 gnolls (D:3)
  A howler monkey skeleton (D:5)
  11 adders
  A river rat (D:3)
  A shadow imp (D:5)
  5 oozes (D:8)
  An adder skeleton (D:4)
  3 adder zombies
  3 worms (D:2)
  3 dart slugs
  7 leopard geckos
  74 orcs
  3 ball pythons
  A bat zombie (D:1)
  4 goblins
  4 hobgoblins
  10 jackals
  2 quokkas
  3 bats
  3 frilled lizards
  A jackal skeleton (D:8)
  32 kobolds
  A leopard gecko skeleton (D:5)
  A quokka zombie (D:1)
  9 rats
  A fungus (Lair:6)
  5 tentacles
804 creatures vanquished.

Vanquished Creatures (collateral kills)
  An orc wizard (Orc)
  2 orcs (Orc)
3 creatures vanquished.

Vanquished Creatures (others)
  A deep elf mage (Elf:1)
  2 blink frogs (Lair:6)
  A basilisk (Lair:6)
  8 dancing weapons
  An orc (D:11)
  43 fungi
  25 plants
  15 tentacles
  6 withered plants (Shoals:2)
102 creatures vanquished.

Grand Total: 909 creatures vanquished

Notes
Turn   | Place    | Note
-------+----------+-------------------------------------------
     0 | D:1      | MisterOstroum the Troll Transmuter began the quest for the
                  | Orb.
     0 | D:1      | Reached XP level 1. HP: 18/18 MP: 2/2
    22 | D:1      | Reached skill level 1 in Fighting
   142 | D:1      | Reached XP level 2. HP: 16/28 MP: 3/3
  1031 | D:1      | Learned a level 2 spell: Sticks to Snakes
  1196 | D:2      | Reached XP level 3. HP: 34/35 MP: 4/4
  1598 | D:3      | Gained mutation: Your natural rate of healing is unusually
                  | fast. [Troll growth]
  1598 | D:3      | Reached XP level 4. HP: 45/45 MP: 5/5
  1894 | D:3      | Found a glowing drain.
  1907 | D:3      | Reached XP level 5. HP: 44/53 MP: 6/6
  1926 | Sewer    | Entered a sewer
  2051 | Sewer    | Found a white marble altar of Elyvilon.
  2435 | D:3      | Reached XP level 6. HP: 62/62 MP: 7/7
  2612 | D:4      | Found Bosyem's Antique Weapon Shoppe.
  2853 | D:4      | Reached XP level 7. HP: 44/71 MP: 8/8
  3014 | D:4      | Found Ziwoduar's General Store.
  3090 | D:4      | Found Inleamur's Book Shoppe.
  3368 | D:5      | Entered Level 5 of the Dungeon
  3376 | D:4      | Reached skill level 5 in Fighting
  3376 | D:4      | Reached skill level 5 in Unarmed Combat
  3501 | D:5      | Found a burning altar of Makhleb.
  3501 | D:5      | Found a glowing golden altar of the Shining One.
  3502 | D:5      | Found a bloodstained altar of Trog.
  3543 | D:5      | Found a shimmering blue altar of Sif Muna.
  3547 | D:5      | Became a worshipper of Sif Muna the Loreminder
  3655 | D:5      | Reached XP level 8. HP: 71/80 MP: 9/9
  3728 | D:5      | Learned a level 3 spell: Tukima's Dance
  3960 | D:5      | Reached * piety under Sif Muna
  4436 | D:6      | Got an ancient falchion
  4453 | D:6      | Found a stormy altar of Qazlal.
  4457 | D:6      | Reached XP level 9. HP: 71/89 MP: 10/10
  4464 | D:6      | Identified Sif Muna's Compendium of Feathery
                  | Self-Improvement (Sif Muna gifted it to you on level 6 of
                  | the Dungeon)
  4464 | D:6      | Received a gift from Sif Muna
  4473 | D:6      | Learned a level 2 spell: Song of Slaying
  4525 | D:6      | Found Tuiririe's Magic Scroll Boutique.
  4547 | D:6      | Reached skill level 1 in Hexes
  4676 | D:6      | Reached skill level 1 in Charms
  4689 | D:6      | Noticed a troll
  4695 | D:6      | Killed a troll
  4695 | D:6      | Reached skill level 5 in Dodging
  4929 | D:6      | Noticed a troll
  4998 | D:6      | Killed a troll
  5072 | D:6      | Found a snail-covered altar of Cheibriados.
  5333 | D:6      | Learned a level 3 spell: Confuse
  5642 | D:7      | Reached XP level 10. HP: 100/100 MP: 1/11
  5724 | D:7      | Found a staircase to the Ecumenical Temple.
  5980 | D:8      | Found a hide-covered altar of Uskayaw.
  6100 | D:8      | Reached ** piety under Sif Muna
  6200 | D:8      | Noticed Grum
  6257 | D:8      | Reached skill level 5 in Hexes
  6278 | D:8      | Killed Grum
  6386 | D:8      | Got an iridescent quarterstaff
  6456 | D:8      | Noticed Harold
  6801 | D:8      | Noticed Erica
  6836 | D:8      | Killed Erica
  6836 | D:8      | Identified Sif Muna's Guide on Flames (Sif Muna gifted it
                  | to you on level 8 of the Dungeon)
  6836 | D:8      | Received a gift from Sif Muna
  7085 | D:8      | Found Vinop's Armour Shop.
  7275 | D:8      | Killed Harold
  7487 | D:9      | Noticed a tengu warrior
  7624 | D:9      | Noticed Nergalle
  7679 | D:9      | Got an ichor-stained arbalest
  7765 | D:8      | Killed a tengu warrior
  7765 | D:8      | Reached XP level 11. HP: 69/111 MP: 14/14
  7851 | D:9      | Found a staircase to the Lair.
  7893 | D:9      | Reached skill level 1 in Shields
  8073 | D:9      | Found an ancient bone altar of Kikubaaqudgha.
  8215 | Lair:1   | Entered Level 1 of the Lair of Beasts
  8288 | Lair:1   | Learned a level 1 spell: Sandblast
  8603 | Lair:1   | Reached skill level 10 in Unarmed Combat
  8764 | Lair:1   | Reached skill level 1 in Earth Magic
  9651 | Lair:2   | Gained mutation: You heal very quickly. [Troll growth]
  9651 | Lair:2   | Reached XP level 12. HP: 108/123 MP: 1/15
  9699 | Lair:2   | Found a hole to the Spider Nest.
  9778 | Lair:2   | Found a dark tunnel.
  9793 | Volcano  | Entered a volcano
  9879 | Volcano  | Noticed a stone giant
  9911 | Volcano  | Killed a stone giant
 10423 | Lair:2   | Found a staircase to the Shoals.
 10783 | Lair:3   | Reached skill level 5 in Shields
 10947 | Lair:3   | Learned a level 2 spell: Blink
 10951 | Lair:3   | Learned a level 3 spell: Regeneration
 10990 | Lair:3   | Noticed a six-headed hydra
 11040 | Lair:3   | Killed a six-headed hydra
 11040 | Lair:3   | Reached skill level 10 in Fighting
 11040 | Lair:3   | Reached skill level 5 in Transmutations
 11096 | Lair:3   | Identified Sif Muna's Catalogue of Mutagenic Poisoning (Sif
                  | Muna gifted it to you on level 3 of the Lair of Beasts)
 11096 | Lair:3   | Received a gift from Sif Muna
 11243 | Lair:3   | Noticed a four-headed hydra
 11274 | Lair:3   | Killed a 13-headed hydra
 12169 | Lair:4   | Noticed an eight-headed hydra
 12189 | Lair:4   | Killed an eight-headed hydra
 12549 | Lair:4   | Noticed a death yak
 12573 | Lair:4   | Killed a death yak
 12604 | Lair:4   | Noticed a four-headed hydra
 12658 | Lair:4   | Killed a four-headed hydra
 12966 | Lair:5   | Reached XP level 13. HP: 126/135 MP: 10/17
 13876 | Lair:5   | Identified Sif Muna's Reference Book on Lethal Execration
                  | (Sif Muna gifted it to you on level 5 of the Lair of
                  | Beasts)
 13876 | Lair:5   | Received a gift from Sif Muna
 14668 | D:9      | Killed Nergalle
 14776 | D:10     | Entered Level 10 of the Dungeon
 14782 | D:10     | Found an iron altar of Okawaru.
 14887 | D:10     | Reached *** piety under Sif Muna
 15438 | D:10     | Reached skill level 5 in Spellcasting
 17176 | D:9      | Learned a level 4 spell: Ice Form
 17274 | D:10     | Found an iron altar of Okawaru.
 17719 | D:11     | Reached skill level 1 in Ice Magic
 17858 | D:11     | Reached XP level 14. HP: 146/146 MP: 10/20
 18185 | D:11     | Found a staircase to the Orcish Mines.
 18193 | D:11     | Identified Sif Muna's Tome of Calling (Sif Muna gifted it
                  | to you on level 11 of the Dungeon)
 18193 | D:11     | Received a gift from Sif Muna
 19293 | D:12     | Entered Level 12 of the Dungeon
 19455 | D:12     | Found a gate to the Vaults.
 19666 | D:11     | Reached skill level 5 in Ice Magic
 19730 | Orc      | Entered the Orcish Mines
 19828 | Orc      | Found a staircase to the Elven Halls.
 20321 | Orc      | Found Tahenies's Jewellery Boutique.
 20428 | D:11     | Identified Sif Muna's Tome of Icy Earth (Sif Muna gifted it
                  | to you on level 11 of the Dungeon)
 20428 | D:11     | Received a gift from Sif Muna
 20610 | Orc      | Bought the ring of the Rose {+Blink rElec MP-9 Str+6 Dex+4}
                  | for 828 gold pieces
 20658 | Orc      | Found Xiech's Book Boutique.
 20666 | Orc      | Bought a book of Transfigurations for 715 gold pieces
 20827 | Orc      | Found Zayrep's Assorted Antiques.
 20827 | Orc      | Found Teulangi's Assorted Antiques.
 20854 | Orc      | Reached **** piety under Sif Muna
 20931 | Orc      | Bought a brown potion for 32 gold pieces
 20949 | Orc      | Found a roughly hewn altar of Beogh.
 21370 | Orc      | Found Lyddew's Assorted Antiques.
 21594 | Orc      | Found Huczett's Distillery.
 21594 | Orc      | Found Plog's Book Boutique.
 21598 | Orc      | Bought a potion of lignification for 39 gold pieces
 21598 | Orc      | Bought a potion of lignification for 39 gold pieces
 21598 | Orc      | Bought a potion of lignification for 39 gold pieces
 21638 | Orc      | Bought a faintly glowing large shield for 180 gold pieces
 21651 | Orc      | Identified the cursed -1 large shield "Qaedgh" {Str+2} (You
                  | bought it in a shop in the Orcish Mines)
 22103 | D:12     | Found a bloodstained altar of Trog.
 22199 | D:12     | Found Ylala's Antique Armour Shoppe.
 22254 | D:12     | Reached skill level 5 in Earth Magic
 22306 | D:12     | Found a staircase to the Depths.
 22434 | D:12     | Reached XP level 15. HP: 156/156 MP: 7/21
 22639 | D:12     | Found a portal to a secret trove of treasure.
 23014 | Spider:1 | Entered Level 1 of the Spider Nest
 23568 | Spider:1 | Identified Sif Muna's Compendium of Arcane Weapons (Sif
                  | Muna gifted it to you on level 1 of the Spider Nest)
 23568 | Spider:1 | Received a gift from Sif Muna
 24221 | Spider:2 | Learned a level 6 spell: Statue Form
 24959 | Spider:2 | Identified the Handbook of Air
 25293 | Spider:3 | Entered Level 3 of the Spider Nest
 25511 | Spider:2 | HP: 7/187 [wolf spider (10)]
 25988 | Lair:6   | Entered Level 6 of the Lair of Beasts
 26178 | Lair:6   | Received a gift from Sif Muna
 26760 | Lair:6   | Found a viscous altar of Jiyva.
 26760 | Lair:6   | Found a staircase to the Slime Pits.
 27048 | Lair:6   | Reached skill level 10 in Earth Magic
 27235 | Lair:6   | Gained mutation: Your flesh is cold resistant. (rC+) [Troll
                  | growth]
 27235 | Lair:6   | Reached XP level 16. HP: 147/165 MP: 15/24
 27761 | D:6      | Fell from the grace of Sif Muna
 27761 | D:6      | Became a worshipper of Cheibriados the Contemplative
 27959 | Elf:1    | Entered Level 1 of the Elven Halls
 28053 | Elf:1    | Gained mutation: You are occasionally teleported next to
                  | monsters. [potion of mutation]
 28053 | Elf:1    | Gained mutation: You evolve. [potion of mutation]
 28348 | Spider:1 | Lost mutation: You evolve. [potion of mutation]
 28348 | Spider:1 | Lost mutation: You are occasionally teleported next to
                  | monsters. [potion of mutation]
 28348 | Spider:1 | Gained mutation: Your mind is acute. (Int +2) [potion of
                  | mutation]
 28348 | Spider:1 | Gained mutation: You are partially covered in iridescent
                  | scales. (AC +2) [potion of mutation]
 28412 | Shoals:1 | Entered Level 1 of the Shoals
 28413 | Shoals:1 | Noticed Nikola
 28445 | Shoals:1 | Killed Nikola
 28556 | Shoals:1 | Reached * piety under Cheibriados
 28610 | Shoals:1 | Found Tiopez's Antique Weapon Shoppe.
 29038 | Shoals:1 | Noticed a kraken
 29064 | Shoals:1 | Killed a kraken
 29155 | Shoals:1 | Identified 3 scrolls of acquirement
 29402 | Shoals:2 | Found a runed translucent gate.
 29403 | Shoals:2 | Found a runed translucent gate.
 29404 | Shoals:2 | Found a runed translucent gate.
 29405 | Shoals:2 | Noticed Meoqees's ghost (adept MiFi)
 29406 | Shoals:2 | Noticed Meod's ghost (adept MiBe)
 29467 | Shoals:2 | Got a flickering emerald amulet
 29468 | Shoals:2 | Identified the amulet "Xiguot" {Spirit rPois rF+} (You
                  | found it on level 2 of the Shoals)
 29937 | Shoals:2 | Reached ** piety under Cheibriados
 30171 | Shoals:2 | Noticed a kraken
 30479 | Shoals:3 | Entered Level 3 of the Shoals
 30686 | Shoals:3 | HP: 6/198 [merfolk javelineer/javelin (13)]
 30686 | Shoals:3 | Demolished by a merfolk impaler

Skill      XL: |  1  2  3  4  5  6  7  8  9 10 11 12 13 14 15 16 |
---------------+-------------------------------------------------+-----
Fighting       | 1 2 3 4 5 6 7 9 10 11 12 | 12.2
Unarmed Combat | 4 5 6 7 9 10 | 10.0
Transmutations | 2 3 4 5 6 7 |  7.3
Dodging        | 2 4 5 6 7 |  7.0
Hexes          | 4 5 6 |  6.2
Charms         | 2 4 |  4.1
Spellcasting   | 3 5 6 7 |  7.0
Shields        | 4 6 7 8 9 |  9.0
Earth Magic    | 2 3 5 10 12 | 12.2
Ice Magic      | 1 5 6 |  6.0
Invocations    | |  0.1

Action                   |  1- 3 |  4- 6 |  7- 9 | 10-12 | 13-15 | 16-18 || total
-------------------------+-------+-------+-------+-------+-------+-------++-------
Melee: Unarmed           |   103 |   144 |   305 |   716 |  1684 |   384 ||  3336
       Punch             |       |     1 |     7 |     5 |     3 |       ||    16
Throw: Stone             |     3 |       |     5 |     9 |       |       ||    17
       Tomahawk          |       |       |       |    65 |   144 |    62 ||   271
       Large rock        |       |       |       |     6 |       |       ||     6
 Cast: Tukima's Dance    |       |       |     7 |     4 |    33 |       ||    44
       Song of Slaying   |       |       |     2 |    19 |    43 |     2 ||    66
       Confuse           |       |       |       |    48 |    48 |       ||    96
       Sticks to Snakes  |       |       |       |    12 |    17 |     4 ||    33
       Sandblast         |       |       |       |    18 |    11 |       ||    29
       Regeneration      |       |       |       |     1 |     7 |     2 ||    10
       Ice Form          |       |       |       |       |    58 |     2 ||    60
       Blink             |       |       |       |       |    12 |     4 ||    16
       Statue Form       |       |       |       |       |     1 |       ||     1
Invok: Divine Energy     |       |       |     2 |     2 |       |       ||     4
       Stop Divine Energ |       |       |     1 |     2 |       |       ||     3
       Bend Time         |       |       |       |       |       |     2 ||     2
 Abil: End Transformatio |       |       |       |       |     6 |     1 ||     7
Evoke: Wand              |       |       |     1 |    13 |     7 |     9 ||    30
  Use: Scroll            |       |     4 |     6 |    12 |    13 |     4 ||    39
       Potion            |       |       |       |    10 |     3 |     5 ||    18
 Stab: Confused          |       |       |       |     6 |     6 |       ||    12
       Distracted        |       |       |       |       |     2 |       ||     2
  Eat: Chunk             |    15 |     8 |    25 |    63 |   112 |    20 ||   243
       Ration            |       |       |       |       |     1 |       ||     1
Armor: Skin              |    34 |    30 |    92 |   199 |   326 |   100 ||   781
Dodge: Dodged            |    48 |    77 |   218 |   469 |  1192 |   300 ||  2304
Block: Shield            |       |       |       |   343 |   668 |   243 ||  1254
